 Dungeon Crawl Stone Soup version 0.19.1 (webtiles) character file.

172 LORDOFBUTT the Chopper (level 5, -5/47 HPs)
             Began as a Minotaur Berserker on Nov 28, 2016.
             Was a Priest of Trog.
             Killed from afar by a gnoll (25 damage)
             ... with a wand of lightning
             ... on level 4 of the Dungeon.
             The game lasted 00:02:32 (1822 turns).

LORDOFBUTT the Chopper (Minotaur Berserker)         Turns: 1822, Time: 00:02:36

Health: -5/47      AC:  2    Str: 22    XL:     5   Next: 27%
Magic:  4/4        EV: 13    Int:  4    God:    Trog [***...]
Gold:   98         SH:  0    Dex: 10    Spells: 0 memorised, 4 levels left

rFire  . . .     SeeInvis .     a - +0 hand axe
rCold  . . .     Gourm    .     b - +0 animal skin
rNeg   . . .     Faith    .     (no shield)
rPois  .         Spirit   .     (helmet restricted)
rElec  .         Reflect  .     (no cloak)
rCorr  .         Harm     .     (no gloves)
MR     +....                    (no boots)
Stlth  +.........               (no amulet)
                                (no ring)
                                r - ring of protection from magic

@: exhausted, slowed, very slow
A: retaliatory headbutt, horns 2
a: Berserk, Trog's Hand, Burn Spellbooks, Renounce Religion


You were on level 4 of the Dungeon.
You worshipped Trog.
Trog was most pleased with you.
You were very hungry.

You visited 1 branch of the dungeon, and saw 4 of its levels.

You collected 98 gold pieces.

Inventory:

Hand Weapons
 a - a +0 hand axe (weapon)
Armour
 b - a +0 animal skin (worn)
Jewellery
 r - a ring of protection from magic (left hand)
Scrolls
 e - a scroll of magic mapping {unknown}
 h - 2 scrolls of amnesia {unknown}
 i - 2 scrolls of recharging {unknown}
 l - a scroll of enchant weapon {unknown}
 o - a scroll of identify
 p - a scroll of remove curse {unknown}
 q - a scroll of teleportation {unknown}
 s - a scroll of blinking {unknown}
 t - a scroll of fear {unknown}
Potions
 d - a potion of mutation
 f - 2 potions of curing {unknown}
 g - a potion of flight
 j - a potion of heal wounds
 k - a potion of agility
 m - 2 potions of might {unknown}
 n - a potion of brilliance {unknown}
Comestibles
 c - a bread ration


   Skills:
 + Level 4.4 Fighting
 + Level 6.0 Axes
 + Level 2.7 Armour
 + Level 3.2 Dodging


You had 4 spell levels left.
You didn't know any spells.

Dungeon Overview and Level Annotations

Branches:
Dungeon (4/15)
 Temple: D:4-7

Altars:
Ashenzari
Dithmenos
Nemelex Xobeh
Uskayaw
Yredelemnul

Annotations:
D:3 1 runed door


Innate Abilities, Weirdness & Mutations

You reflexively headbutt those who attack you in melee.
You have a pair of horns on your head.


Message History

You are held in a net!
Unknown command.
You are held in a net!
You struggle against the net.
You feel a strong urge to attack something.
The gnoll hits you with a flail! x2
You struggle against the net.
You struggle against the net.
You feel your anger subside.
You are no longer berserk.
You are exhausted.
You feel yourself slow down. The gnoll hits you but does no damage.
You struggle against the net.
The gnoll hits you but does no damage. The gnoll hits you.
You rip the net and break free!
The gnoll closely misses you.
The gnoll zaps a wand.
The bolt of lightning misses you. The gnoll barely misses you.
You furiously retaliate!
You headbutt the gnoll. The gnoll closely misses you.
The gnoll zaps a wand.
The bolt of lightning hits you!
Ouch! That really hurt!
You die...

#.# ..# ..# ..##
%..## g...#
####g..#
#..@g..#
#.##g#.# #.# .#
#+# #.# .# #.#
#.# .#
##.#####.##.#.#
#........<....#
##...####.##.###
#####.....# #.#
#


You could see 4 gnolls.

Vanquished Creatures
  4 adders
  3 gnolls (D:2)
  2 oozes
  4 worms
  2 dart slugs (D:2)
  A leopard gecko (D:2)
  6 orcs
  2 ball pythons
  9 bats
  4 giant cockroaches
  7 goblins
  5 hobgoblins
  10 jackals
  2 quokkas
  3 frilled lizards
  6 kobolds
  6 rats
76 creatures vanquished.

Notes
Turn   | Place    | Note
-------+----------+-------------------------------------------
     0 | D:1      | LORDOFBUTT the Minotaur Berserker began the quest for the Orb.
     0 | D:1      | Reached XP level 1. HP: 19/19 MP: 0/0
   115 | D:1      | Reached XP level 2. HP: 25/27 MP: 1/1
   141 | D:1      | Reached skill level 4 in Axes
   157 | D:1      | Found a shattered altar of Ashenzari.
   318 | D:1      | Reached ** piety under Trog
   684 | D:2      | Reached XP level 3. HP: 27/33 MP: 2/2
   714 | D:2      | Reached skill level 5 in Axes
   724 | D:2      | Reached XP level 4. HP: 15/40 MP: 3/3
   828 | D:2      | HP: 2/40 [poisoned by an adder]
  1204 | D:2      | Found a sparkling altar of Nemelex Xobeh.
  1205 | D:2      | Found a basalt altar of Yredelemnul.
  1393 | D:3      | Found a shadowy altar of Dithmenos.
  1507 | D:3      | Reached XP level 5. HP: 35/47 MP: 4/4
  1599 | D:3      | Found a runed door.
  1661 | D:3      | Found a hide-covered altar of Uskayaw.
  1736 | D:3      | Reached *** piety under Trog
  1760 | D:3      | Reached skill level 6 in Axes
  1775 | D:3      | You fall through a shaft!
  1822 | D:4      | Killed from afar by a gnoll

Skill      XL: |  1  2  3  4  5 |
---------------+----------------+-----
Axes           | 4 5 6 |  6.0
Fighting       | 4 |  4.4
Dodging        | 3 |  3.2
Armour         | |  2.7

Action                   |  1- 3 |  4- 6 || total
-------------------------+-------+-------++-------
Melee: Hand axe          |    66 |    88 ||   154
       Headbutt          |     9 |    14 ||    23
Invok: Berserk           |     1 |     2 ||     3
  Use: Scroll            |       |     4 ||     4
  Eat: Chunk             |       |     3 ||     3
       Beef jerky        |       |     1 ||     1
Armor: Animal skin       |    13 |    13 ||    26
Dodge: Dodged            |    41 |    66 ||   107
